 Dungeon Crawl Stone Soup version 0.26-a0-1177-g1209ec82b9 (webtiles) character file.

Game seed: 7809103451751483941

90 sahdkjhfkaj the Slasher (level 4, -6/33 HPs)
             Began as a Barachi Wanderer on Dec 24, 2020.
             Mangled by a kobold
             ... wielding a +1 dagger of electrocution
              (13 damage)
             ... on level 3 of the Dungeon.
             The game lasted 00:03:37 (2660 turns).

sahdkjhfkaj the Slasher (Barachi Wanderer)          Turns: 2660, Time: 00:03:38

Health: -6/33      AC:  9    Str: 16    XL:     4   Next: 56%
Magic:  8/8        EV:  7    Int:  9    God:
Gold:   130        SH:  0    Dex: 13    Spells: 9/9 levels left

rFire    . . .     SeeInvis .   a - +0 falchion
rCold    . . .     Faith    .   (no shield)
rNeg     . . .     Spirit   .   r - +0 chain mail
rPois    .         Reflect  .   (no helmet)
rElec    .         Harm     .   q - +0 cloak
rCorr    .         Rampage  .   (no gloves)
Will     .....                  (no boots)
Stlth    ..........             (no amulet)
HPRegen  0.11/turn              (no ring)
MPRegen  0.11/turn              (no ring)

@: slow
A: +LOS, swims, slowness 1, strong legs 1
a: Hop


You were on level 3 of the Dungeon.
You visited 1 branch of the dungeon, and saw 3 of its levels.

You collected 130 gold pieces.

Inventory:

Hand Weapons
 a - a +0 falchion (weapon)
Missiles
 i - 73 stones
Armour
 q - a +0 cloak (worn)
 r - a +0 chain mail (worn)
Wands
 p - a wand of polymorph (8)
Scrolls
 b - 2 scrolls of random uselessness {unknown}
 c - a scroll of identify {unknown}
 f - a scroll of enchant armour {unknown}
 g - 2 scrolls of enchant weapon {unknown}
 h - a scroll of magic mapping {unknown}
 j - 2 scrolls of teleportation {unknown}
 k - a scroll of immolation {unknown}
Potions
 e - a potion of might {unknown}
 l - 2 potions of berserk rage {unknown}
 m - a potion of curing {unknown}
 n - a potion of magic {unknown}
 o - a potion of flight {unknown}


   Skills:
 - Level 1.9 Fighting
 + Level 4.2 Long Blades
 - Level 1.3 Armour
 - Level 1.7 Dodging
 - Level 2.1 Shields
 - Level 3.2 Spellcasting
 - Level 1.0 Earth Magic
 - Level 1.1 Poison Magic


You had 9 spell levels left.
You didn't know any spells.
Your spell library contained the following spells:

 Spells                   Type           Power        Failure   Level
 Sandblast                Erth           6%           98%         1
 Summon Small Mammal      Summ           4%           99%         1
 Passwall                 Tmut/Erth      1%           100%        2
 Stone Arrow              Conj/Erth      4%           100%        3
 Summon Guardian Golem    Hex/Summ       1%           100%        3
 Petrify                  Tmut/Erth      2%           100%        4
 Lee's Rapid Deconstruct  Erth           1%           100%        5


Dungeon Overview and Level Annotations

Branches:
Dungeon (3/15)

Altars:
Okawaru


Innate Abilities, Weirdness & Mutations

You can be seen from farther away. (+LOS)
You can swim through water.
You cover ground slowly.
You can hop short distances.


Message History

You see here a stone.
A kobold is nearby!
You hit the kobold.
The kobold is heavily wounded.
The kobold barely misses you.
You riposte.
You hit the kobold but do no damage.
The kobold is heavily wounded.
Your chain mail prevents you from hitting the kobold.
The kobold is heavily wounded.
The kobold hits you but does no damage.
You are electrocuted!
You closely miss the kobold.
The kobold is heavily wounded.
The kobold hits you but does no damage.
You are electrocuted!
* * * LOW HITPOINT WARNING * * *
You closely miss the kobold.
The kobold is heavily wounded.
The kobold hits you but does no damage. x2
You are electrocuted!
You die...

##### ########...#
#(....##[..#####
#@###............
#.K.##.........##.
...#.....<......#
###...##.........#
........#...####
..#.#.##.#...# ..
#.......... ...
####<####### ##.#
#.#


You could see a kobold.

Vanquished Creatures
  Jessica (D:2)
  An ooze (D:2)
  A worm (D:2)
  A dart slug (D:1)
  A leopard gecko (D:1)
  An orc (D:3)
  2 ball pythons
  13 bats
  4 giant cockroaches
  3 goblins
  3 hobgoblins
  5 jackals
  3 kobolds (D:1)
  4 frilled lizards
  7 rats
50 creatures vanquished.

Notes
Turn   | Place    | Note
-------+----------+-------------------------------------------
     0 | D:1      | sahdkjhfkaj the Barachi Wanderer began the quest for the
                  | Orb.
     0 | D:1      | sahdkjhfkaj set off with the following items: a +0
                  | falchion, a +0 robe; and the following spells available to
                  | memorise: Sandblast, Summon Small Mammal, Passwall, Stone
                  | Arrow, Summon Guardian Golem, Petrify, Lee's Rapid
                  | Deconstruction
     0 | D:1      | Reached XP level 1. HP: 15/15 MP: 4/4
   346 | D:1      | Reached XP level 2. HP: 21/21 MP: 6/6
   441 | D:1      | Reached skill level 2 in Long Blades
   556 | D:1      | Reached skill level 1 in Armour
   784 | D:1      | Reached XP level 3. HP: 26/27 MP: 7/7
  1665 | D:2      | Reached skill level 3 in Long Blades
  2048 | D:2      | Found an iron altar of Okawaru.
  2118 | D:2      | Reached XP level 4. HP: 33/33 MP: 8/8
  2400 | D:2      | Noticed Jessica
  2412 | D:2      | Killed Jessica
  2413 | D:2      | Reached skill level 4 in Long Blades
  2660 | D:3      | Mangled by a kobold

Illustrated notes

Levels and vault maps discovered:
D:1:      dpeg_arrival_round_a, layout_basic
D:2:      layout_basic, nicolae_overflow_hidden_temple, uniq_jessica
D:3:      layout_loops_ring, lemuel_crystal_altar, portal_sewer_entry_a

Skill      XL: |  1  2  3  4 |
---------------+-------------+-----
Long Blades    | 2 3 4 |  4.2
Armour         | 1 |  1.3
Fighting       | |  1.9
Dodging        | |  1.7
Shields        | |  2.1
Spellcasting   | |  3.2
Earth Magic    | |  1.0
Poison Magic   | |  1.1

Action                   |  1- 3 |  4- 6 || total
-------------------------+-------+-------++-------
Melee: Falchion          |   135 |    12 ||   147
       Unarmed           |       |     7 ||     7
 Abil: Hop               |     2 |       ||     2
 Stab: Sleeping          |     2 |       ||     2
Armor: Robe              |    40 |     5 ||    45
       Chain mail        |       |     3 ||     3
       Skin              |       |     1 ||     1
Dodge: Dodged            |   124 |     5 ||   129
       Rpst.: Falchion   |    34 |     2 ||    36

Table legend: (Time is in decaauts)
 A = Elapsed time spent in this place.
 B = Non-inter-level travel time spent in this place.
 C = Inter-level travel time spent in this place.
 D = Time resting spent in this place.
 E = Time spent auto-exploring this place.
 F = Levels seen in this place.
 G = Mean time per level.
                   A        B        C        D        E       F      G
               +--------+--------+--------+--------+--------+-----+--------+
         Total |   2947 |   2860 |     87 |    826 |   1581 |   3 |  982.3 |
       Dungeon |   2947 |   2860 |     87 |    826 |   1581 |   3 |  982.3 |
               +--------+--------+--------+--------+--------+-----+--------+

Top non-repeatable levels by time:
     D:2: 1648 daAuts
     D:1: 1265 daAuts
     D:3: 33 daAuts
